 Dungeon Crawl Stone Soup version 0.18-a0-1745-gffa9a88 (webtiles) character file.

54 Zhenya25pyc the Skirmisher (level 3, 0/24 HPs)
             Began as a Gargoyle Fighter on Apr 12, 2016.
             Killed by nerve-wracking pain
             ... invoked by an orc priest
              (13 damage)
             ... on level 3 of the Dungeon.
             The game lasted 00:03:06 (1397 turns).

Zhenya25pyc the Skirmisher (Gargoyle Fighter)       Turns: 1397, Time: 00:03:07

Health: 0/24       AC: 10    Str: 20    XL:     3   Next: 91%
Magic:  3/3        EV:  7    Int:  8    God:
Gold:   75         SH:  9    Dex:  9    Spells: 0 memorised, 2 levels left

rFire  . . .     SeeInvis .     a - +0 flail
rCold  . . .     Gourm    .     b - +0 scale mail
rNeg   + . .     Faith    .     c - +0 shield
rPois  ∞         Spirit   .     (no helmet)
rElec  +         Dismiss  .     (no cloak)
rCorr  .         Reflect  .     (no gloves)
SustAt .         Harm     .     (no boots)
MR     .....                    l - amulet of regeneration
Stlth  ..........               (no ring)
                                (no ring)

@: not resistant to hostile enchantments, extremely unstealthy
A: negative energy resistance 1, electricity resistance, unbreathing,
petrification resistance, rot immunity, AC +3
a: no special abilities


You were on level 3 of the Dungeon.
You were hungry.

You visited 1 branch of the dungeon, and saw 3 of its levels.

You collected 75 gold pieces.

Inventory:

Hand Weapons
 a - a +0 flail (weapon)
Armour
 b - a +0 scale mail (worn)
 c - a +0 shield (worn)
Jewellery
 l - an amulet of regeneration (around neck)
 m - an uncursed ring of sustain attributes {unknown}
Scrolls
 i - 4 scrolls of remove curse {unknown}
 j - 2 scrolls of recharging {unknown}
 k - a scroll of fog {unknown}
 o - a scroll of amnesia {unknown}
 p - a scroll of identify {unknown}
Potions
 d - a potion of might
 e - 2 potions of curing {unknown}
 g - 2 potions of brilliance {unknown}
 h - a potion of resistance {unknown}
 n - 2 potions of lignification {unknown}
Comestibles
 f - a bread ration
 q - 5 fruits


   Skills:
 + Level 3.9 Fighting
 * Level 3.2 Maces & Flails
 + Level 3.7 Armour
 - Level 3.2 Shields


You had 2 spell levels left.
You didn't know any spells.

Dungeon Overview and Level Annotations

Branches:
Dungeon (3/15)

Altars:
Pakellas
Trog


Innate Abilities, Weirdness & Mutations

You are resistant to torment.
Your stone body is resilient (AC +3).
You are immune to poison.
You resist negative energy.
You are resistant to electric shocks.
You can survive without breathing.
You are immune to petrification.
You are immune to rotting.


Message History

You hit the orc.
The orc is heavily wounded.
The orc hits you but does no damage. The kobold hits you but does no damage.
You block the kobold's attack. You block the bat's attack.
The orc barely misses you. The orc hits you but does no damage. x2
The kobold hits you but does no damage.
You closely miss the orc.
The orc is heavily wounded.
You block the bat's attack. The kobold hits you but does no damage.
The orc hits you but does no damage. The orc completely misses you.
The orc closely misses you. You block the kobold's attack.
The kobold hits you but does no damage.
You thump the orc!
You kill the orc!
You block the orc's attack. The orc hits you but does no damage.
The kobold hits you but does no damage. You block the kobold's attack.
The orc priest invokes the aid of Beogh against you.
Pain shoots through your body!
Ouch! That really hurt!
You die...

#.oo...#
###########......#
##.....#.......####
##..............#
#...............#
#...............#
#.......b.......#
#......ooo....[.#
#.......@Ko.?...#
#......).K......#
##.............##
##.....#.....##
#############


You could see an orc priest, 3 orcs, a bat and 2 kobolds.

Vanquished Creatures
  An adder (D:2)
  An ooze (D:1)
  2 dart slugs
  A giant gecko (D:1)
  An orc (D:3)
  2 giant cockroaches (D:1)
  3 goblins
  4 hobgoblins
  6 kobolds
  4 bats
  3 giant newts (D:2)
  7 rats
35 creatures vanquished.

Notes
Turn   | Place    | Note
--------------------------------------------------------------
     0 | D:1      | Zhenya25pyc the Gargoyle Fighter began the quest for the Orb.
     0 | D:1      | Reached XP level 1. HP: 14/14 MP: 1/1
   159 | D:1      | Reached XP level 2. HP: 14/19 MP: 2/2
   694 | D:1      | Reached XP level 3. HP: 23/24 MP: 3/3
   966 | D:2      | Found a bloodstained altar of Trog.
  1021 | D:2      | Found a faded altar to an unknown god.
  1268 | D:2      | Found an oddly glowing altar of Pakellas.
  1397 | D:3      | Killed from afar by an orc priest

Vault maps used:
D:1:      nicolae_arrival_memento_mori
D:2:      bloody_trog, grunt_pakellas_salt, ecumenical_altar_1
D:3:      kennysheep_slug_shrine

Skill      XL: |  1  2  3 |
---------------+----------+-----
Maces & Flails | 3 |  3.2
Fighting       | |  3.9
Armour         | |  3.7
Shields        | |  3.2

Action                   || total
-------------------------++-------
Melee: Flail             ||   139
  Eat: Chunk             ||     1
